[Event "Blixt-SM 2021"]
[Site "Elite Hotel Marina Plaza, Kungstorget 6, Helsingborg, Sweden"]
[Date "2021.11.14"]
[Round "9.8"]
[White "Agovic, Seifo"]
[Black "Mauritsson, Sebastian"]
[Result "0-1"]
[TimeControl "3 minutes + 2 seconds per move."]
[BlackTitle "FM"]
[WhiteFideId "1702360"]
[BlackFideId "1707892"]
[WhiteElo "1910"]
[BlackElo "2390"]

1. e4 c5 2. Nf3 d6 3. d4 cxd4 4. Nxd4 Nf6 5. Nc3 a6 6. Bc4 e6 7. Bb3 Nbd7 8. Bg5 Nc5 9. f3 Be7 10. Be3 Qc7 11. Qd2 b5 12. a3 Bb7 13. O-O O-O 14. Rad1 Rad8 15. Qf2 Rd7 16. Kh1 Nxb3 17. Nxb3 d5 18.
exd5 Nxd5 19. Nxd5 Rxd5 20. Nd4 Rfd8 21. c3 Qd7 22.
Rde1 Bf6 23. Nc2 g6 24. Bb6 Rc8 25. Bd4 e5 26. Be3 Bg7 27. Nb4 Rd6 28. Qe2 a5 29. Nc2 b4 30. axb4 Ba6 31. Qf2 axb4 32. Nxb4 Bxf1 33. Rxf1 Rd1 34. c4 Rxc4 35. Na2 Ra4 36. Nc3 Rxf1+ 37. Qxf1 Ra5 38. h4 h5 39. Kh2 Qe7 40.
g3 Qb4 41. Qc1 Ra8 42. Nd5 Qb7 43. Qc5 Qxb2+ 44. Kh3 Ra2 45. Bf2 Qxf2 46. Qxf2 Rxf2 47. f4 exf4 48.
Nxf4 Rf3 49. Kg2 Ra3 50. Nd5 Be5 51. Ne7+ Kf8 52. Nxg6+ fxg6 0-1

[Event "Blixt-SM 2021"]
[Site "Elite Hotel Marina Plaza, Kungstorget 6, Helsingborg, Sweden"]
[Date "2021.11.14"]
[Round "11.7"]
[White "Frisk, Ellinor"]
[Black "Rosell, Tomas"]
[Result "0-1"]
[TimeControl "3 minutes + 2 seconds per move."]
[WhiteTitle "WIM"]
[WhiteFideId "1708481"]
[BlackFideId "1707132"]
[WhiteElo "2142"]
[BlackElo "2070"]

1. Nf3 f5 2. d3 Nc6 3. e4 e5 4. Nc3 Nf6 5.
Bg5 Bb4 6. Be2 O-O 7. O-O d6 8.
Nd5 Bc5 9. Nxf6+ gxf6 10. Bh6 Re8 11.
Nh4 f4 12. Bg4 f5 13. Nxf5 Qf6 14. Bg7 Qg5 15. h4 Qd8 16. Bh6 Bxf5 17. Bg5 Bxg4 18. Qxg4 Qc8 19. Qh5 Qe6 20. Kh2 Qg6 21. Qf3 Nd4 22. Qh3 h6 0-1

[Event "Blixt-SM 2021"]
[Site "Elite Hotel Marina Plaza, Kungstorget 6, Helsingborg, Sweden"]
[Date "2021.11.14"]
[Round "13.5"]
[White "Mauritsson, Sebastian"]
[Black "Rajcevski, Dejan"]
[Result "1-0"]
[TimeControl "3 minutes + 2 seconds per move."]
[WhiteTitle "FM"]
[WhiteFideId "1707892"]
[BlackFideId "1759027"]
[WhiteElo "2390"]
[BlackElo "1977"]

1. e4 e5 2. Nf3 Nf6 3. Nc3 Bb4 4. Nxe5 d6 5. Nd3 Bxc3 6. dxc3 Nxe4 7. Be2 O-O 8. O-O Re8 9. Nf4 c6 10. c4 Bf5 11. Bf3 Ng5 12. Be2 Ne6 13. Nxe6 Rxe6 14. Bf4 Qe7 15. Bf3 Na6 16. Qd2 Nc5 17.
Rad1 Rd8 18. Rfe1 Ne4 19. Bxe4 Rxe4 20. Bxd6 Rxe1+ 21. Rxe1 Qf6 22. Qe2 Be6 23. Be5 Qg6 24. b3 h6 25.
Bc3 Bf5 26. Qe7 Rd7 27. Qe8+ Kh7 28. h4 h5 29. g3 Rd6 30. Qf8 Re6 31. Rd1 Bxc2 32. Rd8 Qg4 33. Qh8+ Kg6 34. Qxg7+ Kf5 35. Qxf7+ Ke4 36. Rd4+ 1-0

[ePGN "0.1;DGT LiveChess/2.2.5"]

[Event "Blixt-SM 2021"]
[Site "Elite Hotel Marina Plaza, Kungstorget 6, Helsingborg, Sweden"]
[Date "2021.11.14"]
[Round "1.1"]
[White "Nilsson, Kristoffer"]
[Black "Smith, Axel"]
[Result "0-1"]
[TimeControl "3 minutes + 2 seconds per move."]
[BlackTitle "GM"]
[WhiteFideId "1718487"]
[BlackFideId "1707930"]
[WhiteElo "1785"]
[BlackElo "2473"]

1. d4 Nf6 2. Nf3 c5 3. d5 b5 4.
Bg5 g6 5. e3 b4 6. c3 Bg7 7.
Qc2 Nxd5 8. Bc4 Nb6 9. Bd3 Nc6 10. O-O d6 11. a3 Bb7 12. Nbd2 O-O 13. h4 h6 14. Bf4 e5 15. Bh2 f5 16. e4 f4 17. g3 fxg3 18. Bxg3 Qe7 19. Kh2 Rf6 20. Ng1 Raf8 21. f3 bxc3 22.
Qxc3 Nd4 23. Bc4+ Kh7 24. Qe3 Nc2 25. Qd3 Nxa1 26. Rxa1 Bc8 27. Rf1 Be6 28. Bxe6 Qxe6 29. Nh3 d5 30. Qe3 d4 31. Qd3 c4 32. Qb1 c3 33. bxc3 dxc3 0-1

[Event "Blixt-SM 2021"]
[Site "Elite Hotel Marina Plaza, Kungstorget 6, Helsingborg, Sweden"]
[Date "2021.11.14"]
[Round "2.8"]
[White "Wellevit, Tomas"]
[Black "Elsner, Yair"]
[Result "0-1"]
[TimeControl "3 minutes + 2 seconds per move."]
[WhiteFideId "1731963"]
[BlackFideId "2838230"]
[WhiteElo "2113"]
[BlackElo "1629"]

1. e4 c5 2. Nf3 Nc6 3.
Bc4 Nf6 4. d3 e6 5. O-O d5 6. exd5 exd5 7. Bb3 Be7 8. h3 O-O 9. Nc3 a6 10.
a4 h6 11. Re1 Be6 12. Ne2 Qc7 13. Nf4 Qd7 14. c3 Bf5 15. Bc2 Rfe8 16. Rb1 d4 17. Bb3 b5 18. cxd4 Nxd4 19. Nxd4 Qxd4 20.
Be3 Qd6 21. Rc1 Rac8 22. axb5 axb5 23. Nh5 Nxh5 24. Qxh5 Bg6 25. Qg4 Qxd3 26. Rc3 Qf5 27. Qg3 c4 28. Bc2 Qf6 29. Bxg6 Qxg6 30. Bd4 Bd6 31. Rxe8+ Rxe8 32. f4 Qxg3 33. Rxg3 Bxf4 34. Rxg7+ Kf8 35. Rg4 Bd6 36. Kf1 Re6 37.
Bg7+ Ke7 38. Bd4 Be5 39.
Bc5+ Kf6 40. b3 c3 41. Rg3 Rc6 42.
Rf3+ Ke6 43. Be3 c2 44. Bc1 Bb2 45. Re3+ Kd5 46. Bxb2 c1=Q+ 47. Bxc1 Rxc1+ 48. Kf2 Kd4 49. Rf3 Rc2+ 50. Kg3 Rc3 51. Rxc3 Kxc3 52. Kf4 Kxb3 53. g4 Kc3 54. h4 b4 55. g5 b3 56. gxh6 b2 57. h5 b1=Q
58. h7 Qxh7 0-1

[Event "Blixt-SM 2021"]
[Site "Elite Hotel Marina Plaza, Kungstorget 6, Helsingborg, Sweden"]
[Date "2021.11.14"]
[Round "4.6"]
[White "Frisk, Ellinor"]
[Black "Hansen, Anders"]
[Result "1-0"]
[TimeControl "3 minutes + 2 seconds per move."]
[WhiteTitle "WIM"]
[WhiteFideId "1708481"]
[BlackFideId "1708155"]
[WhiteElo "2142"]
[BlackElo "2027"]

1. Nf3 d5 2. c4 d4 3. b4 f6 4. Na3 e5 5. Nc2 a5 6. b5 Be6 7. d3 Nd7 8. g3 Bd6 9. Bg2 Nc5 10. Nd2 Ne7 11. O-O O-O 12.
Ne4 Rb8 13. Nxc5 Bxc5 14. Bd2 b6 15. f4 Qd7 16. Kh1 Nf5 17. Qe1 Kh8 18. Rd1 exf4 19. Bxf4 Rbd8 20. Bc6 Qf7 21. Be4 Ne3 22.
Nxe3 dxe3 23. Rf3 f5 24. Bc6 Bd4 25. Bxe3 Qf6 26. Qf2 Bxe3 27. Qxe3 1-0

[Event "Blixt-SM 2021"]
[Site "Elite Hotel Marina Plaza, Kungstorget 6, Helsingborg, Sweden"]
[Date "2021.11.14"]
[Round "6.4"]
[White "Nilsson, Patrik"]
[Black "Troedsson, Anton"]
[Result "1-0"]
[TimeControl "3 minutes + 2 seconds per move."]
[WhiteFideId "1708171"]
[BlackFideId "1746006"]
[WhiteElo "2143"]
[BlackElo "2104"]

1. d4 d5 2. Bf4 Nf6 3. e3 c5 4. c3 Qb6 5.
Qb3 c4 6. Qc2 Nc6 7. Nd2 g6 8. e4 Nxe4 9. Nxe4 Bf5 10. f3 h5 11. Qe2 dxe4 12.
fxe4 Bg4 13. Qxc4 e5 14. Be3 Qxb2 15. Rc1 exd4 16. Bd2 O-O-O 17. Ne2 b5 18. Qxc6+ Kb8 19. Nxd4 Bd6 20. Qxb5+ Qxb5 21. Nxb5 Bc5 22. Be2 Be6 23. a4 Kb7 24. e5 Bd5 25. Bf3 Bxf3 26. gxf3 Rd3 27. Ke2 Rd5 28. f4 Rhd8 29.
Rhd1 h4 30. Nd4 Re8 31. Be3 g5 32. Rb1+ Kc8 33. Nf5 Rxd1 34. Rxd1 Bxe3 35. Kxe3 Kc7 36. Ke4 f6 37. Rd6 gxf4 38. e6 f3 39. Kxf3 Rg8 40. Rd7+ Kc6 41. Rg7 Re8 42. e7 Kd7 43. Rf7 Ke6 44. Rf8 Rxe7 45. Nxe7 1-0

[Event "Blixt-SM 2021"]
[Site "Elite Hotel Marina Plaza, Kungstorget 6, Helsingborg, Sweden"]
[Date "2021.11.14"]
[Round "8.2"]
[White "Storme, Isak"]
[Black "Svensson, Mikael"]
[Result "1-0"]
[TimeControl "3 minutes + 2 seconds per move."]
[WhiteTitle "FM"]
[WhiteFideId "1728113"]
[BlackFideId "1716433"]
[WhiteElo "2037"]
[BlackElo "2073"]

1. d4 e6 2. Bf4 f5 3. Nc3 Nf6 4.
e3 Bb4 5. Nge2 b6 6. a3 Be7 7.
Ng3 Bb7 8. f3 O-O 9. Bc4 d5 10. Be2 c5 11. O-O Nc6 12. Kh1 Rc8 13. Bb5 Bd6 14. Bxd6 Qxd6 15. Bxc6 Bxc6 16. Re1 h5 17. Nge2 e5 18. dxe5 Qxe5 19.
Nf4 Kh7 20. Nd3 Qe6 21. Ne2 g5 22. f4 g4 23. Ne5 Ne4 24. Rf1 Kg7 25. Nc3 h4 26. Nxe4 dxe4 27. Qe2 Rcd8 28. Rad1 Bb7 29.
Rd2 Rxd2 30. Qxd2 Qd5 31. Rd1 Rd8 32. Qxd5 Rxd5 33. Rxd5 Bxd5 34. Kg1 Kf6 35.
Kf2 Ke6 36. Ke1 a5 37. Kd2 Bb7 38.
Kc3 b5 39. b4 axb4+ 40. axb4 c4 41.
Kd4 Kd6 42. c3 Bc8 43. Ng6 h3 44. g3 Bd7 45. Ne5 Bc8 46. Nf7+ Ke7 47. Ng5 Kd6 48. Nh7 Bd7 49. Nf6 Be8 50. Nxe8+ 1-0

[Event "Blixt-SM 2021"]
[Site "Elite Hotel Marina Plaza, Kungstorget 6, Helsingborg, Sweden"]
[Date "2021.11.14"]
[Round "9.9"]
[White "Khalat, Havras"]
[Black "Neretljak, Nedzad"]
[Result "0-1"]
[TimeControl "3 minutes + 2 seconds per move."]
[WhiteFideId "1725017"]
[BlackFideId "1713132"]
[WhiteElo "1793"]
[BlackElo "2148"]

1. d4 e6 2. Nf3 h6 3. e3 Nf6 4. c4 d5 5. Nc3 c6 6. Be2 Bd6 7. O-O Nbd7 8. b3 b6 9. Bb2 Bb7 10. Rc1 O-O 11. cxd5 exd5 12. h3 Re8 13. Re1 Ne4 14.
Bd3 f5 15. Qe2 Qf6 16. a3 Re7 17. b4 a6 18. Na4 g5 19. Bxe4 fxe4 20. Ne5 Nxe5 21. dxe5 Bxe5 22. Bxe5 Rxe5 23.
Nxb6 Rd8 24. Na4 Rf5 25. Nc5 Bc8 26. a4 Rf8 27. Rf1 Rf3 28. b5 axb5 29. axb5 cxb5 30. Rb1 Bxh3 31. gxh3 Qf5 32. Qxf3 exf3 33. Kh2 Qe5+ 34. Kg1 g4 35.
Kh1 Qh5 36. Rg1 Qxh3# 0-1

[Event "Blixt-SM 2021"]
[Site "Elite Hotel Marina Plaza, Kungstorget 6, Helsingborg, Sweden"]
[Date "2021.11.14"]
[Round "11.8"]
[White "Troedsson, Anton"]
[Black "Hansen, Anders"]
[Result "1-0"]
[TimeControl "3 minutes + 2 seconds per move."]
[WhiteFideId "1746006"]
[BlackFideId "1708155"]
[WhiteElo "2104"]
[BlackElo "2027"]

1. Nf3 d5 2. b3 f6 3. d4 e6 4. Bb2 c5 5. c3 Nc6 6.
g3 Bd6 7. Bg2 Nge7 8. O-O O-O 9. Nbd2 cxd4 10. cxd4 Qa5 11. a3 Bd7 12. Rc1 Rac8 13. e4 Kh8 14. Qe2 Rfe8 15. e5 fxe5 16. dxe5 Bb8 17. Ng5 g6 18.
b4 Qb6 19. Nb3 Kg7 20. Nc5 Rc7 21. Ncxe6+ Bxe6 22. Nxe6+ Kf7 23. Nxc7 Qxc7 24. e6+ Kg8 25. b5 1-0

[Event "Blixt-SM 2021"]
[Site "Elite Hotel Marina Plaza, Kungstorget 6, Helsingborg, Sweden"]
[Date "2021.11.14"]
[Round "13.6"]
[White "Tornberg, Carlos"]
[Black "Neretljak, Nedzad"]
[Result "1-0"]
[TimeControl "3 minutes + 2 seconds per move."]
[WhiteFideId "1733478"]
[BlackFideId "1713132"]
[WhiteElo "2053"]
[BlackElo "2148"]

1. e4 e6 2. d4 d5 3. e5 c5 4. c3 Nc6 5. Nf3 a6 6.
Bd3 b5 7. O-O Bb7 8. Nbd2 Be7 9.
Re1 Qb6 10. dxc5 Bxc5 11. Qe2 Nh6 12. Nb3 Be7 13. Be3 Qc7 14. Bc5 g6 15. h3 Nf5 16. Bxf5 gxf5 17. a4 bxa4 18. Rxa4 O-O 19. Be3 Kh8 20.
Bg5 Rg8 21. Qe3 Rg6 22. Bf4 Rag8 23. Bg3 Bc8 24. Nh4 Bxh4 25. Rxh4 Ne7 26. Nd4 R8g7 27. Rh6 Ng8 28. Rxg6 Rxg6 29.
Ra1 Qc4 30. Qe2 Qc7 31. Ra3 Ne7 32. Qe3 Nc6 33. Nb3 Qb8 34. Qe2 h6 35. Nc5 Qb6 36. Kh1 Kh7 37. Nxa6 Na5 38. Nb4 Nc4 39.
Ra8 Qb7 40. Ra1 Bd7 41. Rd1 Qb8 42. b3 Na5 43. Qc2 Qc7 44.
Nd3 Bb5 45. Nf4 Rg5 46. Rc1 Qxe5 47. Nh5 Qe4 48. Nf6+ Kg6 49. Nxe4 fxe4 50. Qd2 Bd3 51. b4 Nc6 52. Qe3 Ne7 53. b5 Bxb5 54. Qc5 Nf5 55.
Qxb5 e3 56. Qe2 Rxg3 1-0

[Event "Blixt-SM 2021"]
[Site "Elite Hotel Marina Plaza, Kungstorget 6, Helsingborg, Sweden"]
[Date "2021.11.14"]
[Round "1.2"]
[White "Jepson, Christian"]
[Black "Strom-Engdahl, Alexander"]
[Result "1-0"]
[TimeControl "3 minutes + 2 seconds per move."]
[WhiteTitle "IM"]
[WhiteFideId "1701185"]
[BlackFideId "1741586"]
[WhiteElo "2412"]
[BlackElo "1783"]

1. c4 c5 2. Nc3 Nc6 3. g3 g6 4. Bg2 Bg7 5. e3 d6 6. Nge2 e5 7. O-O Nge7 8. d4 cxd4 9.
exd4 O-O 10. d5 Nb8 11. b3 Nd7 12. Ba3 Nb6 13. Ne4 Nf5 14. N2c3 h5 15. Nb5 a5 16. Nexd6 Nxd6 17. Bxd6 Re8 18. Bc7 Qf6 19. Nd6 Rf8 20. Ne4 Qe7 21. Bxb6 Bg4 22. f3 Bf5 23. Bc5 1-0

[Event "Blixt-SM 2021"]
[Site "Elite Hotel Marina Plaza, Kungstorget 6, Helsingborg, Sweden"]
[Date "2021.11.14"]
[Round "2.9"]
[White "Storme, Joel"]
[Black "Troedsson, Anton"]
[Result "0-1"]
[TimeControl "3 minutes + 2 seconds per move."]
[WhiteFideId "1749021"]
[BlackFideId "1746006"]
[WhiteElo "1588"]
[BlackElo "2104"]

1. f4 d5 2. Nf3 g6 3. d4 Bg7 4. b3 Nf6 5. Bb2 O-O 6.
h3 Ne4 7. Nbd2 Ng3 8. Rg1 Nf5 9. Qc1 b6 10. g4 Ne3 11. Kf2 Nxf1 12. Rxf1 Bb7 13. Re1 Qd6 14. Nf1 e6 15. e3 Nd7 16. Rb1 c5 17. c4 Rac8 18. Qd2 dxc4 19. dxc5 Qxd2+ 20.
N1xd2 c3 21. Nc4 Bxf3 22. Kxf3 cxb2 23. cxb6 Nxb6 24. Nxb2 Rc2 25. Nd3 Rd8 26. Red1 Rxa2 27. Ne5 Rxd1 28.
Rxd1 Bxe5 29. Rd8+ Kg7 30. fxe5 Rb2 31. Rb8 Rxb3 32. Rb7 a5 33.
Ra7 a4 34. Ke2 a3 35. Kd2 Nc4+ 36.
Kc2 Rxe3 0-1

[Event "Blixt-SM 2021"]
[Site "Elite Hotel Marina Plaza, Kungstorget 6, Helsingborg, Sweden"]
[Date "2021.11.14"]
[Round "4.7"]
[White "Wellevit, Tomas"]
[Black "Nimander, Max"]
[Result "1-0"]
[TimeControl "3 minutes + 2 seconds per move."]
[WhiteFideId "1731963"]
[BlackFideId "1746677"]
[WhiteElo "2113"]
[BlackElo "1917"]

1. e4 d5 2. exd5 Nf6 3.
Nf3 Bg4 4. Be2 Nxd5 5. d3 Nc6 6.
O-O e6 7. Nbd2 Bc5 8. Ne4 Bb6 9.
h3 Bh5 10. c3 h6 11. d4 Bg6 12. Ng3 Nce7 13. Ne5 c5 14. Bb5+ Kf8 15. Nd7+ Kg8 16. Nxc5 a6 17. Bd3 Qc7 18.
Bxg6 Nxg6 19. Nce4 Kh7 20. Nh5 Rhf8 21. Kh1 e5 22. dxe5 Qxe5 23. Neg3 Rad8 24. Qc2 Kg8 25. Bd2 f5 26.
c4 Ndf4 27. Bc3 Bd4 28. Rae1 Qc5 29. Bxd4 Rxd4 30. b3 Rfd8 31. Qc3 Qc7 32. Nxf5 Rd3 33. Qxg7+ Qxg7 34. Nhxg7 R8d7 35. Ne6 Nxe6 36.
Rxe6 Nf4 37. Rxh6 Rd2 38. Rf6 Nh5 39. Rg6+ Kf8 40. Rg5 Nf4 41. Nh6 Ne6 42. Rg8+ Ke7 43. Re1 Kd6 44. Rg6 Re7 45. Nf5+ Kd7 46. Nxe7 1-0

[Event "Blixt-SM 2021"]
[Site "Elite Hotel Marina Plaza, Kungstorget 6, Helsingborg, Sweden"]
[Date "2021.11.14"]
[Round "6.5"]
[White "Storme, Isak"]
[Black "Muhamed, Hoger"]
[Result "1-0"]
[TimeControl "3 minutes + 2 seconds per move."]
[WhiteTitle "FM"]
[WhiteFideId "1728113"]
[BlackFideId "1742841"]
[WhiteElo "2037"]
[BlackElo "1838"]

1. d4 Nf6 2. Bf4 g6 3.
Nc3 Bg7 4. e4 O-O 5. e5 Ne8 6. Nf3 d6 7. Bc4 Bg4 8. h3 Bxf3 9. Qxf3 Nc6 10.
O-O-O Qc8 11. h4 dxe5 12. dxe5 Nxe5 13. Bxe5 Bxe5 14. Nd5 Bd6 15. h5 c6 16. hxg6 cxd5 17. gxf7+ Rxf7 18. Qxd5 e6 19.
Qxe6 Qxe6 20. Bxe6 Bf4+ 21. Kb1 Ng7 22. Bxf7+ Kxf7 23. Rd7+ Kg6 24. g3 Bg5 25. Rxb7 a5 26. f4 Bf6 27. g4 Re8 28. Rb6 h6 29. g5 hxg5 30. fxg5 Kxg5 31. Rg1+ Kf5 32. Rf1+ Kg6 33. Rbxf6+ Kg5 34. R6f2 Re5 35. a4 Nf5 36. Rxf5+ Rxf5 37. Rxf5+ Kxf5 38. c3 Ke4 39.
b4 Kd5 40. b5 Kc5 41. Kc2 Kb6 42. Kd3 Kc5 43. Ke4 1-0

[Event "Blixt-SM 2021"]
[Site "Elite Hotel Marina Plaza, Kungstorget 6, Helsingborg, Sweden"]
[Date "2021.11.14"]
[Round "8.3"]
[White "Smith, Axel"]
[Black "Abedinov, Adnan"]
[Result "1-0"]
[TimeControl "3 minutes + 2 seconds per move."]
[WhiteTitle "GM"]
[WhiteFideId "1707930"]
[BlackFideId "1703544"]
[WhiteElo "2473"]
[BlackElo "2170"]

1. e4 c5 2. Nc3 Nc6 3.
Bb5 Nd4 4. Bc4 e6 5. Nf3 a6 6. d3 b5 7. Bb3 d6 8. Nxd4 cxd4 9. Ne2 Qb6 10. c3 dxc3 11. Nxc3 Nf6 12.
Be3 Qd8 13. O-O Be7 14. f3 O-O 15. d4 Bb7 16.
Qd2 Qd7 17. a4 b4 18. Ne2 a5 19.
Rfc1 Rfc8 20. Bc4 d5 21. Bb5 Bc6 22. e5 Bxb5 23. Rxc8+ Rxc8 24. axb5 Ne8 25. Rxa5 Rb8 26. Qd3 Bd8 27. Ra4 Rxb5 28. Nc1 Rb8 29.
Ra1 f6 30. Bf4 fxe5 31. Bxe5 Bc7 32. Bxc7 Qxc7 33. Nb3 Nd6 34. Nc5 Qf7 35. Re1 Re8 36. Qa6 Nc4 37. b3 Qf6 38. Nxe6 Na3 39. Qc6 1-0

[Event "Blixt-SM 2021"]
[Site "Elite Hotel Marina Plaza, Kungstorget 6, Helsingborg, Sweden"]
[Date "2021.11.14"]
[Round "10.1"]
[White "Olsson, Linus"]
[Black "Smith, Axel"]
[Result "1/2-1/2"]
[TimeControl "3 minutes + 2 seconds per move."]
[WhiteTitle "FM"]
[BlackTitle "GM"]
[WhiteFideId "1706098"]
[BlackFideId "1707930"]
[WhiteElo "2204"]
[BlackElo "2473"]

1. d4 Nf6 2. c4 a6 3. Nf3 e6 4. g3 c5 5. d5 b5 6. Bg2 exd5 7. cxd5 d6 8. O-O g6 9. e4 Bg7 10. e5 dxe5 11.
Nxe5 O-O 12. Nc6 Nxc6 13. dxc6 Qxd1 14. Rxd1 Bg4 15. Rf1 Rac8 16. Nc3 Be6 17. Be3 c4 18. Bc5 Rfe8 19. a4 Ng4 20. axb5 axb5 21. Nxb5 Bxb2 22. Rab1 c3 23. Bd4 Bc4 24. Nxc3 Bxf1 25. Kxf1 Bxc3 26.
Bxc3 Ne5 27. Rb6 Re6 28. Bd5 Rd6 29.
Bxe5 Rxd5 30. Bf4 Rc5 31. c7 R5xc7 32. Bxc7 Rxc7 33. Kg2 h5 34. h4 Kg7 35. Rb3 Rc4 36. Ra3 Rc7 37. Rb3 f5 38. Ra3 Rf7 39. f4 Rb7 40. Ra6 Rb2+ 41. Kf3 Rb3+ 42. Kf2 Kf7 43. Rc6 Ra3 44. Rb6 Ra2+ 45. Kf3 Ra4 46. Kf2 Ra3 47. Rc6 Rd3 48. Rb6 Ra3 49. Rc6 Rb3 50. Kg2 Rb2+ 51. Kf3 Rb3+ 1/2-1/2

[Event "Blixt-SM 2021"]
[Site "Elite Hotel Marina Plaza, Kungstorget 6, Helsingborg, Sweden"]
[Date "2021.11.14"]
[Round "11.9"]
[White "Nord, Alexander"]
[Black "Neretljak, Nedzad"]
[Result "0-1"]
[TimeControl "3 minutes + 2 seconds per move."]
[WhiteFideId "1738135"]
[BlackFideId "1713132"]
[WhiteElo "1909"]
[BlackElo "2148"]

1. d4 e6 2. Nf3 h6 3. g3 Nf6 4.
Bg2 d5 5. O-O c5 6. c4 Nc6 7. cxd5 exd5 8. Nc3 Be6 9. a3 Be7 10. dxc5 Bxc5 11. b4 Bb6 12. Na4 O-O 13. Bb2 Ne4 14.
Rc1 a6 15. Nxb6 Qxb6 16. Nd4 Nxd4 17. Bxd4 Qb5 18. Re1 Rac8 19. Rxc8 Rxc8 20. Qa1 f6 21. Bf1 Qa4 22. Rc1 Rc2 23. Qb1 Rc6 24. Rxc6 Qxc6 25.
Qb2 b5 26. f3 Nd6 27. Kf2 Nc4 28. Qc3 Bf7 29.
e3 Qe6 30. h4 Bg6 31. Kg2 Be8 32. Be2 Bd7 33. Kf2 Qh3 34. Bf1 Qh2+ 35. Ke1 Qxg3+ 36. Ke2 Qh2+ 37. Ke1 Qxh4+ 38. Kd1 Qf2 39. Be2 Bf5 40. e4 Qg3 41. exf5 h5 42. Bxc4 bxc4 43. a4 h4 44. b5 axb5 45. axb5 h3 46. Qa5 h2 47. Qd8+ Kh7 48. Qe8 h1=Q+ 49. Kc2 Qhxf3 50. b6 Qb3+ 0-1

[Event "Blixt-SM 2021"]
[Site "Elite Hotel Marina Plaza, Kungstorget 6, Helsingborg, Sweden"]
[Date "2021.11.14"]
[Round "13.7"]
[White "Nord, Alexander"]
[Black "Rasti, Arvin"]
[Result "1-0"]
[TimeControl "3 minutes + 2 seconds per move."]
[WhiteFideId "1738135"]
[BlackFideId "1741160"]
[WhiteElo "1909"]
[BlackElo "2054"]

1. d4 Nf6 2. Nf3 g6 3. g3 Bg7 4. Bg2 O-O 5. O-O d6 6. b3 a5 7. a4 Nbd7 8. Bb2 c6 9. c4 Qc7 10.
Nbd2 e5 11. e4 b6 12. Re1 Bb7 13. Qc2 Rad8 14. Rad1 Rfe8 15. h3 Kh8 16. c5 bxc5 17. dxe5 Nxe5 18. Nxe5 dxe5 19. Nc4 Kg8 20. Rxd8 Rxd8 21. Bxe5 Qe7 22.
Bc3 Nd7 23. Bxg7 Kxg7 24. Qc3+ f6 25. e5 fxe5 26. Nxe5 Qf6 27. Qxa5 Nxe5 28. Rxe5 Rf8 29. Qe1 Rf7 30. Re6 Qd4 31.
Qe5+ 1-0

[Event "Blixt-SM 2021"]
[Site "Elite Hotel Marina Plaza, Kungstorget 6, Helsingborg, Sweden"]
[Date "2021.11.14"]
[Round "1.3"]
[White "Terochin, Piotr"]
[Black "Mauritsson, Sebastian"]
[Result "1/2-1/2"]
[TimeControl "3 minutes + 2 seconds per move."]
[BlackTitle "FM"]
[WhiteFideId "1113682"]
[BlackFideId "1707892"]
[WhiteElo "1779"]
[BlackElo "2390"]

1. e4 c5 2. c3 d5 3. exd5 Nf6 4. d4 cxd4 5. cxd4 Nxd5 6.
Nc3 g6 7. Bc4 Nxc3 8. bxc3 Bg7 9. Nf3 O-O 10. O-O Qc7 11. Qe2 Bg4 12. Bb3 Qxc3 13. Be3 Nc6 14. Rac1 Bxf3 15. Qxf3 Nxd4 16.
Qd1 Qb2 17. Rb1 Ne2+ 18. Kh1 Nc3 19. Rxb2 Nxd1 20. Rd2 Nxe3 21. fxe3 Rad8 22. Rxd8 Rxd8 23. Rxf7 Kh8 24. Rxe7 Bf6 25.
Rxb7 Bg5 26. e4 Be3 27.
g3 Rc8 28. Kg2 Rf8 29. Bd5 1/2-1/2

[Event "Blixt-SM 2021"]
[Site "Elite Hotel Marina Plaza, Kungstorget 6, Helsingborg, Sweden"]
[Date "2021.11.14"]
[Round "3.1"]
[White "Jepson, Christian"]
[Black "Frisk, Ellinor"]
[Result "1-0"]
[TimeControl "3 minutes + 2 seconds per move."]
[WhiteTitle "IM"]
[BlackTitle "WIM"]
[WhiteFideId "1701185"]
[BlackFideId "1708481"]
[WhiteElo "2412"]
[BlackElo "2142"]

1. Nf3 c5 2. c4 Nc6 3.
d4 cxd4 4. Nxd4 g6 5. e4 Nf6 6. Nc3 Nxd4 7.
Qxd4 d6 8. Bg5 Bg7 9. f3 O-O 10.
Qd2 Bd7 11. Be2 Qa5 12. a3 Rfc8 13. O-O a6 14. b4 Qd8 15. Kh1 Be6 16. e5 dxe5 17. Qxd8+ Rxd8 18. Na4 e4 19. Rac1 exf3 20. Bxf3 Rab8 21. c5 Bd5 22. Nb6 Bxf3 23. Rxf3 Rd4 24. Re1 Rbd8 25. h3 Rd1 26. Rff1 Rxe1 27. Rxe1 e6 28. Rf1 Ne4 29. Bxd8 Ng3+ 30. Kg1 Bd4+ 31. Rf2 Ne4 32. Bh4 g5 33.
Kf1 gxh4 34. Rf4 Ng3+ 35. Ke1 e5 36. Rxh4 Nf5 37. Rg4+ Kf8 38. Nd5 Bb2 39. a4 h6 40. Kd2 Bd4 41. Kd3 Ke8 42. Rg8+ Kd7 43. Nf6+ Ke6 44. Ne4 Ne7 45. Re8 Kd7 46. Rb8 Kc7 47. Rf8 f5 48. Ng3 f4 49. Nf5 Nd5 50. Rf7+ Kb8 51. b5 axb5 52. axb5 Bxc5 53. Ke4 Nc3+ 54. Kxe5 Nxb5 55. Kxf4 Nc7 56. Ke4 b5 57. Nd4 b4 58. g4 Kb7 59. Ne6 Bd6 60. Nxc7 Bxc7 61. Kd3 Kc6 62. Kc4 Bd6 63. Rf6 Kd7 64. Rxh6 1-0

[Event "Blixt-SM 2021"]
[Site "Elite Hotel Marina Plaza, Kungstorget 6, Helsingborg, Sweden"]
[Date "2021.11.14"]
[Round "4.8"]
[White "Rajcevski, Dejan"]
[Black "Troedsson, Anton"]
[Result "0-1"]
[TimeControl "3 minutes + 2 seconds per move."]
[WhiteFideId "1759027"]
[BlackFideId "1746006"]
[WhiteElo "1977"]
[BlackElo "2104"]

1. d4 d5 2. Nf3 Nf6 3. Bf4 c5 4. e3 Nc6 5. c3 Qb6 6. Qb3 c4 7. Qc2 Bf5 8. Qc1 e6 9. Be2 h6 10. O-O Be7 11.
Nbd2 O-O 12. Ne5 Rac8 13. Nxc6 Qxc6 14. h3 b5 15. a3 a5 16. Re1 b4 17. axb4 axb4 18. Ra7 Bd6 19. Bxd6 Qxd6 20. Qa1 Rb8 21. Qa5 Qb6 22.
Qxb6 Rxb6 23. Rea1 bxc3 24. bxc3 Rb2 25. R1a2 Rfb8 26.
g4 Bg6 27. Kg2 Be4+ 28. f3 Bg6 29. h4 h5 30. g5 Ne8 31. e4 Nd6 32. R7a6 Rxa2 33. Rxa2 dxe4 34. Nxc4 exf3+ 35. Kxf3 Nf5 36.
Nd2 Nxh4+ 37. Kf4 Nf5 38. Bd3 Rc8 39. Bxf5 Bxf5 40. c4 f6 41. Ra7 h4 42. gxf6 gxf6 43. c5 h3 44. Ra1 Rd8 45. Nf3 Kf7 46. Rh1 Rg8 47. Ke3 Rg3 48.
Kf2 Rg8 49. Nh4 Bg4 50. Nf3 Rd8 51.
Rd1 e5 52. d5 e4 53. Ne5+ fxe5 54. Rd2 Ke7 55.
Ke3 Bf5 56. Ra2 Rxd5 57. Ra7+ Kf6 58.
c6 Rd3+ 59. Ke2 Rc3 60. c7 h2 61. Ra6+ Kg5 62. Ra3 Rxc7 0-1

[Event "Blixt-SM 2021"]
[Site "Elite Hotel Marina Plaza, Kungstorget 6, Helsingborg, Sweden"]
[Date "2021.11.14"]
[Round "6.6"]
[White "Abedinov, Adnan"]
[Black "Kucuksari, Kaan"]
[Result "1-0"]
[TimeControl "3 minutes + 2 seconds per move."]
[BlackTitle "FM"]
[WhiteFideId "1703544"]
[BlackFideId "6380166"]
[WhiteElo "2170"]
[BlackElo "2301"]

1. c4 f5 2. Nc3 Nf6 3. g3 g6 4. Bg2 Bg7 5.
d4 O-O 6. Nf3 d6 7. O-O Qe8 8. d5 Na6 9. Nd4 Nc5 10.
b4 Nce4 11. Bb2 Nxc3 12. Bxc3 Ne4 13. Bb2 c5 14. dxc6 bxc6 15. Qc2 Rb8 16. a3 Bd7 17. Nb3 e5 18.
Rad1 c5 19. b5 Bxb5 20. Bxe4 fxe4 21. cxb5 Qxb5 22. Rxd6 Qxb3 23. Qxb3+ Rxb3 24. Bc1 Rb6 25. Rd7 Rf7 26. Rd8+ Rf8 27. Rd7 a6 28. Be3 Rc6 29.
Rc1 c4 30. Rb1 c3 31. Rbb7 Bf6 32.
Bh6 c2 33. Rbc7 Rc8 34. Rxc8+
Rxc8 35. Bc1 Rd8 36. Rxd8+ Bxd8 37. e3 Kf7 38. Kf1 Ke6 39. Ke2 Kd5 40. Kd2 Kc4 41. Kxc2 Ba5 42. Bb2 Be1 43. Bxe5 Bxf2 44. Bd4 g5 45. g4 h6 46. h3 a5 47. a4 Kb4 48. Bg7 Bxe3 49. Bxh6 Kxa4 50. h4 Kb4 51. Bxg5 Bd4 52. Bd2+ Kb5 53. g5 a4 54. h5 Kc4 55. h6 a3 56. Bc1 a2 57. Bb2 e3 58. g6 e2 59. g7 e1=R 60. g8=Q+ Kc5 61. Qc8+ 1-0